 Dungeon Crawl Stone Soup version 0.28-a0-101-g18048e5a82 (webtiles) character file.

Game seed: 12759500721293260393

129 pokeman the Magician (level 4, -12/25 HPs)
             Began as a Deep Elf Hedge Wizard on Aug 10, 2021.
             Mangled by Crazy Yiuf (20 damage)
             ... on level 3 of the Dungeon.
             The game lasted 00:07:57 (3861 turns).

pokeman the Magician (Deep Elf Hedge Wizard)        Turns: 3861, Time: 00:07:58

Health: -12/25     AC:  3    Str:  7    XL:     4   Next: 88%
Magic:  4/13       EV: 12    Int: 20    God:
Gold:   97         SH:  5    Dex: 14    Spells: 3/14 levels left

rFire   . . .      SeeInvis .   k - staff of conjuration
rCold   + . .      Faith    .   (no shield)
rNeg    . . .      Spirit   .   d - +0 leather armour
rPois   .          Reflect  +   c - +0 hat
rElec   .          Harm     .   (no cloak)
rCorr   .          Rampage  .   (no gloves)
Will    .....                   (no boots)
Stlth   ++........              q - amulet of reflection
HPRegen 0.08/turn               b - ring of protection from cold
MPRegen 0.13/turn               (no ring)

@: very slightly contaminated
A: no striking features
a: no special abilities


You were on level 3 of the Dungeon.
You visited 1 branch of the dungeon, and saw 3 of its levels.

You collected 97 gold pieces.

Inventory:

Missiles
 j - 32 bolts
 m - 43 arrows
Armour
 c - a +0 hat (worn)
 d - a +0 leather armour (worn)
 u - a +0 kite shield
Magical Staves
 k - a staff of conjuration (weapon)
Jewellery
 b - a ring of protection from cold (left hand)
 q - an amulet of reflection (around neck)
Scrolls
 a - a scroll of summoning {unknown}
 e - a scroll of fear {unknown}
 g - 3 scrolls of amnesia {unknown}
 i - 4 scrolls of teleportation {unknown}
 l - 2 scrolls of noise {unknown}
 o - a scroll of silence {unknown}
 p - a scroll of magic mapping {unknown}
Potions
 f - a potion of might {unknown}
 h - 2 potions of degeneration {unknown}
 n - 2 potions of curing {unknown}
 r - a potion of lignification {unknown}
 s - a potion of haste {unknown}
 t - a potion of mutation {unknown}


   Skills:
 - Level 1.0 Fighting
 - Level 1.0 Armour
 - Level 3.0 Dodging
 + Level 2.4 Stealth
 * Level 5.9 Spellcasting
 + Level 2.3 Conjurations
 - Level 1.1 Summonings
 - Level 1.1 Translocations
 - Level 1.0 Fire Magic
 + Level 0.3 Air Magic


You had 3 spell levels left.
You knew the following spells:

 Your Spells              Type           Power      Damage    Failure   Level
a - Magic Dart            Conj           92%        1d7       6%          1
b - Mephitic Cloud        Conj/Pois/Air  14%        N/A       32%         3
c - Call Imp              Summ           10%        N/A       14%         2
d - Blink                 Tloc           N/A        N/A       14%         2
e - Conjure Flame         Conj/Fire      19%        6-21      22%         3

Your spell library contained the following spells:

 Spells                   Type           Power      Damage    Failure   Level
 Animate Skeleton         Necr           10%        N/A       16%         1
 Pain                     Necr           20%        1d5       16%         1
 Slow                     Hex            5%         N/A       24%         2
 Vampiric Draining        Necr           2%         2d6       43%         3


Dungeon Overview and Level Annotations

Branches:
Dungeon (3/15)

Altars:
Dithmenos
Hepliaklqana

Shops:
D:1 (

Portals:
Abyss: D:3

Annotations:
D:3 2 transporters, Crazy Yiuf; Loskel's ghost, weakling SpEn


Message History

There is an escape hatch in the floor here.
Found a hazy altar of Hepliaklqana.
You see here a +0 dagger.
Things that are here:
a +0 dagger; a +0 robe You open the door.
Crazy Yiuf shouts!
Casting: Magic Dart (safe; 6% risk of failure)
Confirm with . or Enter, or press ? or * to list all spells.
The spell is extremely dangerous to cast (32% risk of failure)!
Continue anyway?
Aiming: Mephitic Cloud (extremely dangerous; 32% risk of failure)
Press: ? - help, Shift-Dir - straight line, f - Crazy Yiuf
Aim: Crazy Yiuf, wielding a +4 quarterstaff of chaos and wearing a +0 cloak (chance to affect: 86%)
You feel a surge of power!
You miscast Mephitic Cloud.
You are very lightly contaminated with residual magic.
Nothing appears to happen.
Casting: Mephitic Cloud (extremely dangerous; 32% risk of failure)
Confirm with . or Enter, or press ? or * to list all spells.
The spell is extremely dangerous to cast (32% risk of failure)!
Continue anyway?
Aiming: Mephitic Cloud (extremely dangerous; 32% risk of failure)
Press: ? - help, Shift-Dir - straight line, f/p - Crazy Yiuf
Aim: Crazy Yiuf, wielding a +4 quarterstaff of chaos and wearing a +0 cloak (chance to affect: 86%)
You feel a surge of power!
You miscast Mephitic Cloud.
Nothing appears to happen.
Crazy Yiuf whimpers, "Line!
Hack hog wrapper."
Crazy Yiuf says, "Ice!
Leather cower foot."
Crazy Yiuf cries, "Two!
Iron turtle high."
Crazy Yiuf twirls on the spot.
Casting: Mephitic Cloud (extremely dangerous; 32% risk of failure)
Confirm with . or Enter, or press ? or * to list all spells.
You blink.
Crazy Yiuf screams, "Earwax!
Ghoul shoe agre."
Casting: Blink (safe; 14% risk of failure)
Confirm with . or Enter, or press ? or * to list all spells.
You miscast Call Imp.
Nothing appears to happen.
Crazy Yiuf hits you with a +4 quarterstaff of chaos!
Ouch! That really hurt!
You are electrocuted!!
Ouch! That really hurt!
You die...

#..# #.## #.# #### #.# ...# ###
.).# ...# ### ######## ...# #.#
### ###.#.P..## ...# #.#
#...##@g#.P....## .######.#
#...'.####PP....# ....))#.#
#)..### ##P....# #####.#.# ###
####..# #####.#.# #.## ...>....#
#.# .#..#.#.######## #.#
...............#########.#######
....#.##.#)..#.#...............#


You could see Crazy Yiuf.

Vanquished Creatures
  2 orc wizards (D:3)
  3 adders
  A worm (D:3)
  3 dart slugs (D:3)
  4 orcs (D:3)
  2 ball pythons (D:3)
  4 endoplasms
  2 giant cockroaches (D:1)
  A hobgoblin (D:2)
  6 kobolds
  3 bats
  7 frilled lizards
  3 goblins
  6 rats
47 creatures vanquished.

Notes
Turn   | Place    | Note
-------+----------+-------------------------------------------
     0 | D:1      | pokeman the Deep Elf Hedge Wizard began the quest for the
                  | Orb.
     0 | D:1      | Reached XP level 1. HP: 10/10 MP: 7/7
   221 | D:1      | Upgraded the game from 0.28-a0-97-g102d6777a4 to
                  | 0.28-a0-101-g18048e5a82
   537 | D:1      | Found Qeoru's Antique Weapon Shop.
   762 | D:1      | Reached XP level 2. HP: 15/15 MP: 4/9
  1528 | D:2      | Reached skill level 5 in Spellcasting
  1650 | D:2      | Found a faded altar of an unknown god.
  1689 | D:2      | Reached XP level 3. HP: 20/20 MP: 8/11
  1693 | D:2      | Learned a level 3 spell: Mephitic Cloud
  1696 | D:2      | Learned a level 2 spell: Call Imp
  1699 | D:2      | Learned a level 2 spell: Blink
  1703 | D:2      | Learned a level 3 spell: Conjure Flame
  2112 | D:2      | Reached skill level 1 in Armour
  2158 | D:3      | Noticed a small abomination
  2208 | D:3      | Found a shadowy altar of Dithmenos.
  2462 | D:3      | Reached skill level 1 in Fighting
  2695 | D:3      | Found a transporter.
  2700 | D:3      | Found a transporter.
  2700 | D:3      | Found a one-way gate to the infinite horrors of the Abyss.
  2704 | D:3      | Noticed Loskel's ghost (weakling SpEn)
  2722 | D:3      | Noticed a small abomination
  2752 | D:3      | Reached XP level 4. HP: 25/25 MP: 3/13
  3198 | D:3      | Reached skill level 1 in Fire Magic
  3250 | D:3      | Found a runed translucent door.
  3251 | D:3      | Noticed Crazy Yiuf
  3436 | D:3      | Found a faded altar of an unknown god.
  3729 | D:3      | Found a hazy altar of Hepliaklqana.
  3861 | D:3      | Mangled by Crazy Yiuf

Illustrated notes

Levels and vault maps discovered:
D:1:      dpeg_arrival_rooms_a, layout_basic, serial_shops,
          nicolae_lakefront_shop
D:2:      layout_rooms, hellmonk_ecumenical_altar_lost_god, minmay_tetromino_s2
D:3:      layout_loops_cross, nicolae_dithmenos_the_darkroom,
          beargit_hepliaklqana_dungeon_heroes, gammafunk_ghost_abyssal_escape,
          uniq_crazy_yiuf_cottage

Skill      XL: |  1  2  3  4 |
---------------+-------------+-----
Spellcasting   | 5 |  5.9
Armour         | 1 |  1.0
Fighting       | 1 |  1.0
Conjurations   | 2 |  2.3
Fire Magic     | 1 |  1.0
Dodging        | 3 |  3.0
Stealth        | |  2.4
Summonings     | |  1.1
Translocations | |  1.1
Air Magic      | |  0.3

Action                   |  1- 3 |  4- 6 || total
-------------------------+-------+-------++-------
Melee: Staff             |     2 |    18 ||    20
 Cast: Magic Dart        |    85 |    32 ||   117
       Mephitic Cloud    |     3 |     1 ||     4
       Conjure Flame     |     1 |     1 ||     2
       Call Imp          |     1 |       ||     1
       Blink             |       |     4 ||     4
 Stab: Confused          |       |     3 ||     3
Armor: Leather armour    |     2 |     3 ||     5
Dodge: Dodged            |     4 |    10 ||    14
Block: Other             |       |     2 ||     2

Table legend: (Time is in decaauts)
 A = Elapsed time spent in this place.
 B = Non-inter-level travel time spent in this place.
 C = Inter-level travel time spent in this place.
 D = Time resting spent in this place.
 E = Time spent auto-exploring this place.
 F = Levels seen in this place.
 G = Mean time per level.
                   A        B        C        D        E       F      G
               +--------+--------+--------+--------+--------+-----+--------+
         Total |   3864 |   3803 |     61 |    149 |   3222 |   3 | 1288.0 |
       Dungeon |   3864 |   3803 |     61 |    149 |   3222 |   3 | 1288.0 |
               +--------+--------+--------+--------+--------+-----+--------+

Top non-repeatable levels by time:
     D:3: 1549 daAuts
     D:1: 1225 daAuts
     D:2: 1090 daAuts
